 Dungeon Crawl Stone Soup version 0.28-a0-6-g334057b (webtiles) character file.

Game seed: 11231155348265484186

32 Illumine the Bolt Thrower (level 3, -3/22 HPs)
             Began as a Kobold Hunter on July 22, 2021.
             Frozen to death by an endoplasm (4 damage)
             ... on level 1 of the Dungeon.
             The game lasted 00:02:22 (1614 turns).

Illumine the Bolt Thrower (Kobold Hunter)           Turns: 1614, Time: 00:02:22

Health: -3/22      AC:  4    Str: 10    XL:     3   Next: 42%
Magic:  3/3        EV: 14    Int: 12    God:
Gold:   23         SH:  0    Dex: 15    Spells: 2/2 levels left

rFire   . . .      SeeInvis .   a - +1 hand crossbow
rCold   . . .      Faith    .   (shield restricted)
rNeg    . . .      Spirit   .   c - +0 leather armour
rPois   .          Reflect  .   f - +0 helmet
rElec   .          Harm     .   (no cloak)
rCorr   .          Rampage  .   (no gloves)
Will    .....                   (no boots)
Stlth   +++.......              (no amulet)
HPRegen 0.07/turn               (no ring)
MPRegen 0.08/turn               (no ring)

@: no status effects
A: small, no large weapons, nightstalker 3
a: no special abilities


You were on level 1 of the Dungeon.
You visited 1 branch of the dungeon, and saw 1 of its levels.

You collected 23 gold pieces.

Inventory:

Hand Weapons
 a - a +1 hand crossbow (weapon)
 b - a +0 short sword
 g - a +2 morningstar of freezing
Missiles
 d - 9 bolts (quivered ammo)
 h - 6 boomerangs
Armour
 c - a +0 leather armour (worn)
 f - a +0 helmet (worn)
Scrolls
 j - a scroll of immolation {unknown}
 k - a scroll of identify {unknown}
Potions
 e - a potion of berserk rage {unknown}
 i - a potion of brilliance {unknown}


   Skills:
 + Level 2.9 Fighting
 + Level 2.1 Short Blades
 - Level 5.0 Crossbows
 + Level 2.7 Dodging
 - Level 1.3 Stealth


You had 2 spell levels left.
You didn't know any spells.
Your spell library was empty.

Dungeon Overview and Level Annotations

Branches:
Dungeon (1/15)

Altars:

Shops:
D:1 =


Innate Abilities, Weirdness & Mutations

You are small and have problems with some larger weapons.
You are completely attuned to the shadows.


Message History

You shoot a bolt. The bolt closely misses the jackal.
The bolt hits the jackal!
You kill the jackal!
The jackal misses you.
Fire: 14 bolts
Press: ? - help, Q - select action, (/) - cycle Shift-Dir - straight line, f/p - jackal
Aim: a jackal (60% to hit)
You shoot a bolt.
The bolt hits the jackal but does no damage.
The jackal closely misses you. The jackal misses you.
Fire: 13 bolts
Press: ? - help, Q - select action, (/) - cycle Shift-Dir - straight line, f/p - jackal
Aim: a jackal (60% to hit)
You shoot a bolt. The bolt hits the jackal.
The jackal is moderately wounded.
The jackal bites you.
* * * LOW HITPOINT WARNING * * *
The jackal bites you but does no damage.
Fire: 12 bolts
Press: ? - help, Q - select action, (/) - cycle Shift-Dir - straight line, f/p - jackal
Aim: a jackal (moderately wounded, 60% to hit)
You shoot a bolt. The bolt hits the jackal.
You kill the jackal!
The jackal closely misses you.
Fire: 11 bolts
Press: ? - help, Q - select action, (/) - cycle Shift-Dir - straight line, f - jackal
Aim: a jackal (60% to hit)
You shoot a bolt. The bolt hits the jackal!
You kill the jackal!
The endoplasm freezes you.
You are frozen.
* * * LOW HITPOINT WARNING * * *
Unknown command.
Fire: 10 bolts
Press: ? - help, Q - select action, (/) - cycle Shift-Dir - straight line, f - endoplasm
Aim: an endoplasm (88% to hit)
You shoot a bolt. The bolt hits the endoplasm.
The endoplasm is lightly wounded.
The endoplasm freezes you.
You are frozen.
You die...

##########
#......##>
#......##.
######......##.
#####...........##.
##.@J..(.........##.
#..###.###.......###
#.##.....##......###
#.#..#h#..#.........
#...#)#h#)...#......
#.#..#.#..#..#...⌠.⌠
#.##.....##.##....∩(
#..###h###..##...⌠.⌠
##....Jh...###......


You could see an endoplasm.

Vanquished Creatures
  A worm (D:1)
  A dart slug (D:1)
  2 endoplasms (D:1)
  3 goblins (D:1)
  2 hobgoblins (D:1)
  6 jackals (D:1)
  A quokka (D:1)
  2 ball pythons (D:1)
  3 bats (D:1)
  2 kobolds (D:1)
23 creatures vanquished.

Notes
Turn   | Place    | Note
-------+----------+-------------------------------------------
     0 | D:1      | Illumine the Kobold Hunter began the quest for the Orb.
     0 | D:1      | Reached XP level 1. HP: 12/12 MP: 1/1
    41 | D:1      | Reached skill level 5 in Crossbows
   352 | D:1      | Reached XP level 2. HP: 3/18 MP: 2/2
   621 | D:1      | Found Zijuaded's Jewellery Shoppe.
   646 | D:1      | Reached skill level 1 in Short Blades
  1052 | D:1      | Reached XP level 3. HP: 18/22 MP: 3/3
  1613 | D:1      | HP: 1/22 [frozen (3)]
  1614 | D:1      | Frozen to death by an endoplasm

Illustrated notes

Levels and vault maps discovered:
D:1:      dpeg_arrival_brainrot, layout_basic, serial_shops, shop_fountains,
          minmay_box_of_dots

Skill      XL: |  1  2  3 |
---------------+----------+-----
Crossbows      | 5 |  5.0
Short Blades   | 1 2 |  2.1
Fighting       | |  2.9
Dodging        | |  2.7
Stealth        | |  1.3

Action                   || total
-------------------------++-------
Melee: Short sword       ||    66
 Fire: Hand crossbow     ||    16
 Stab: Sleeping          ||     7
Armor: Leather armour    ||    17
Dodge: Dodged            ||    60

Table legend: (Time is in decaauts)
 A = Elapsed time spent in this place.
 B = Non-inter-level travel time spent in this place.
 C = Inter-level travel time spent in this place.
 D = Time resting spent in this place.
 E = Time spent auto-exploring this place.
 F = Levels seen in this place.
 G = Mean time per level.
                   A        B        C        D        E       F      G
               +--------+--------+--------+--------+--------+-----+--------+
         Total |   1618 |   1613 |      5 |    678 |    623 |   1 | 1618.0 |
       Dungeon |   1618 |   1613 |      5 |    678 |    623 |   1 | 1618.0 |
               +--------+--------+--------+--------+--------+-----+--------+

Top non-repeatable levels by time:
     D:1: 1618 daAuts
